BOTTOM OF THE 1ST |
Santa Fe Diablos batting - Pitching for Montgomery Biscuits : LHP Jorge Estrada
|
Pitching: LHP Jorge Estrada
|
|
Batting: RHB Robert Johnson
|
0-0: Ball 1-0: SINGLE (Line Drive, 89S)
|
Batting: RHB Gerardo Álvarez
|
0-0: Fly out, F9 (Flyball, 9M)
|
Batting: RHB Randy Sheppard
|
0-0: Ball 1-0: Called Strike 1-1: 2-RUN HOME RUN (Flyball, 78XD), Distance : 397 ft
|
Batting: RHB Júlio López
|
0-0: Called Strike 0-1: Ball 1-1: Foul Ball, location: 2F 1-2: Fly out, F3 (Popup, 3SF)
|
Batting: RHB Roberto Zamora
|
0-0: Ball 1-0: Foul Ball, location: 2F 1-1: Ball 2-1: Called Strike 2-2: Ball 3-2: Strikes out swinging
|
Bottom of the 1st over - 2 run(s), 2 hit(s), 0 error(s), 0 left on base; Montgomery 1 - Santa Fe 2 |
TOP OF THE 2ND |
Montgomery Biscuits batting - Pitching for Santa Fe Diablos : RHP Ron Young
|
Batting: RHB Vicente Carona
|
0-0: Called Strike 0-1: Ground out 5-3 (Groundball, 5)
|
Batting: RHB Pete Smith
|
0-0: Called Strike 0-1: Ball 1-1: Ball 2-1: SINGLE (Groundball, 4M)
|
Batting: RHB Larry Mitchell
|
0-0: Swinging Strike 0-1: Called Strike 0-2: Ball 1-2: Ball 2-2: Fly out, F6 (Line Drive, 6) 2-2: Fly out, F6 (Line Drive, 6)
|
Batting: SHB Andrew Curran
|
0-0: Called Strike 0-1: Fly out, F9 (Line Drive, 89M)
|
Top of the 2nd over - 0 run(s), 1 hit(s), 0 error(s), 1 left on base; Montgomery 1 - Santa Fe 2 |
BOTTOM OF THE 2ND |
Santa Fe Diablos batting - Pitching for Montgomery Biscuits : LHP Jorge Estrada
|
Batting: RHB Ánibal Gonzáles
|
0-0: Foul Ball, location: 2F 0-1: Fly out, F8 (Flyball, 89M)
|
Batting: RHB Orlando González
|
0-0: Ball 1-0: SINGLE (Groundball, 56D)
|
Batting: LHB Roberto Sandoval
|
0-0: Fly out, F6 (Popup, 6)
|
Batting: LHB Juan Ontiveros
|
0-0: Called Strike 0-1: Ground out 5-3 (Groundball, 5S)
|
Bottom of the 2nd over - 0 run(s), 1 hit(s), 0 error(s), 1 left on base; Montgomery 1 - Santa Fe 2 |
TOP OF THE 3RD |
Montgomery Biscuits batting - Pitching for Santa Fe Diablos : RHP Ron Young
|
Batting: RHB Gabriel Miranda
|
0-0: Ball 1-0: Called Strike 1-1: Ground out 4-3 (Groundball, 4M)
|
Batting: RHB Orlando Sánchez
|
0-0: Foul Ball, location: 2F 0-1: Ball 1-1: Ball 2-1: Called Strike 2-2: Strikes out swinging
|
Batting: LHB José Flores
|
0-0: Ball 1-0: Swinging Strike 1-1: Swinging Strike 1-2: Strikes out looking
|
Top of the 3rd over - 0 run(s), 0 hit(s), 0 error(s), 0 left on base; Montgomery 1 - Santa Fe 2 |
BOTTOM OF THE 3RD |
Santa Fe Diablos batting - Pitching for Montgomery Biscuits : LHP Jorge Estrada
|
Batting: RHB Robert Johnson
|
0-0: Ball 1-0: Ball 2-0: Ball 3-0: Called Strike 3-1: Foul Ball, location: 2F 3-2: Base on Balls
|
Batting: RHB Gerardo Álvarez
|
0-0: Foul Ball, location: 2F 0-1: Swinging Strike 0-2: Fly out, F7 (Line Drive, 7LM)
|
Batting: RHB Randy Sheppard
|
0-0: Called Strike 0-1: Foul Ball, location: 2F 0-2: Ball 1-2: Fly out, F7 (Flyball, 78S)
|
Batting: RHB Júlio López
|
0-0: Ball 1-0: SINGLE (Groundball, 4D) Robert Johnson to second Runner from 2nd tries for 3rd, SAFE, throw made to third
|
Batting: RHB Roberto Zamora
|
0-0: Ball 1-0: Ball 2-0: Ball 3-0: Called Strike 3-1: Foul Ball, location: 2F 3-2: Fly out, F3 (Popup, 3SF)
|
Bottom of the 3rd over - 0 run(s), 1 hit(s), 0 error(s), 2 left on base; Montgomery 1 - Santa Fe 2 |
TOP OF THE 4TH |
Montgomery Biscuits batting - Pitching for Santa Fe Diablos : RHP Ron Young
|
Batting: RHB Jean-Paul St-Pierre
|
0-0: Swinging Strike 0-1: Ball 1-1: Foul Ball, location: 2F 1-2: Ball 2-2: Foul Ball, location: 2F 2-2: Foul Ball, location: 2F 2-2: Ball 3-2: Foul Ball, location: 2F 3-2: Foul Ball, location: 2F 3-2: Strikes out swinging
|
Batting: RHB Dave Dawson
|
0-0: Fly out, F8 (Flyball, 8LM)
|
Batting: RHB Vicente Carona
|
0-0: Called Strike 0-1: Fly out, F3 (Line Drive, 3)
|
Top of the 4th over - 0 run(s), 0 hit(s), 0 error(s), 0 left on base; Montgomery 1 - Santa Fe 2 |
BOTTOM OF THE 4TH |
Santa Fe Diablos batting - Pitching for Montgomery Biscuits : LHP Jorge Estrada
|
Batting: RHB Ánibal Gonzáles
|
0-0: Foul Ball, location: 2F 0-1: Foul Ball, location: 2F 0-2: Ball 1-2: Ball 2-2: Fly out, F7 (Flyball, 78S)
|
Batting: RHB Orlando González
|
0-0: Swinging Strike 0-1: Ball 1-1: Foul Ball, location: 2F 1-2: Strikes out swinging
|
Batting: LHB Roberto Sandoval
|
0-0: Ball 1-0: Swinging Strike 1-1: Ball 2-1: Ball 3-1: Fly out, F7 (Flyball, 7LM)
|
Bottom of the 4th over - 0 run(s), 0 hit(s), 0 error(s), 0 left on base; Montgomery 1 - Santa Fe 2 |
TOP OF THE 5TH |
Montgomery Biscuits batting - Pitching for Santa Fe Diablos : RHP Ron Young
|
Batting: RHB Pete Smith
|
0-0: Called Strike 0-1: Ball 1-1: Ball 2-1: Reached on error, E5 (Groundball, 56S)
|
|
|
Batting: RHB Larry Mitchell
|
0-0: Swinging Strike 0-1: Foul Ball, location: 2F 0-2: Foul Ball, location: 2F 0-2: Strikes out swinging
|
Pitching: RHP Glen Brewer
|
|
Batting: SHB Andrew Curran
|
0-0: Grounds into double play, 3-6-1 (Groundball, 3)
|
Top of the 5th over - 0 run(s), 0 hit(s), 1 error(s), 0 left on base; Montgomery 1 - Santa Fe 2 |
BOTTOM OF THE 5TH |
Santa Fe Diablos batting - Pitching for Montgomery Biscuits : LHP Jorge Estrada
|
Batting: LHB Juan Ontiveros
|
0-0: Called Strike 0-1: Foul Ball, location: 2F 0-2: Ball 1-2: Foul Ball, location: 2F 1-2: Ball 2-2: DOUBLE (Groundball, 5L)
|
Pitching: RHP Ángel Ávila
|
|
Batting: RHB Robert Johnson
|
0-0: Ball 1-0: Fly out, F7 (Flyball, 7LMF)
|
Batting: RHB Gerardo Álvarez
|
0-0: Swinging Strike 0-1: Ball 1-1: Ball 2-1: Foul Ball, location: 2F 2-2: Ball 3-2: Strikes out swinging
|
Batting: RHB Randy Sheppard
|
0-0: Ball 1-0: Foul Ball, location: 2F 1-1: Swinging Strike 1-2: Ball 2-2: Foul Ball, location: 2F 2-2: Foul Ball, location: 2F 2-2: Strikes out swinging
|
Bottom of the 5th over - 0 run(s), 1 hit(s), 0 error(s), 1 left on base; Montgomery 1 - Santa Fe 2 |
TOP OF THE 6TH |
Montgomery Biscuits batting - Pitching for Santa Fe Diablos : RHP Glen Brewer
|
Batting: RHB Gabriel Miranda
|
0-0: Fly out, F9 (Flyball, 89M)
|
Batting: RHB Orlando Sánchez
|
0-0: Called Strike 0-1: Foul Ball, location: 2F 0-2: SINGLE (Groundball, 56D)
|
Batting: LHB José Flores
|
0-0: Ball 1-0: Called Strike 1-1: Called Strike 1-2: Ball 2-2: Ball 3-2: Foul Ball, location: 2F 3-2: Strikes out swinging Orlando Sánchez steals 2nd base Batter strikes out.
|
Batting: RHB Jean-Paul St-Pierre
|
0-0: Ball 1-0: Called Strike 1-1: Swinging Strike 1-2: Strikes out swinging
|
Top of the 6th over - 0 run(s), 1 hit(s), 0 error(s), 1 left on base; Montgomery 1 - Santa Fe 2 |
BOTTOM OF THE 6TH |
Santa Fe Diablos batting - Pitching for Montgomery Biscuits : RHP Ángel Ávila
|
Batting: RHB Júlio López
|
0-0: Ball 1-0: Ball 2-0: Called Strike 2-1: Swinging Strike 2-2: SINGLE (Groundball, 56D)
|
Batting: RHB Roberto Zamora
|
0-0: Ball 1-0: Ball 2-0: Ball 3-0: Base on Balls Júlio López to second
|
Batting: RHB Ánibal Gonzáles
|
0-0: Ball 1-0: Ball 2-0: Ball 3-0: Called Strike 3-1: Base on Balls Júlio López to third Roberto Zamora to second
|
Batting: RHB Orlando González
|
0-0: Called Strike 0-1: Called Strike 0-2: Strikes out swinging
|
Batting: LHB Roberto Sandoval
|
0-0: Fly out, F8 (Line Drive, 8RM) Runner from 3rd tags up, SCORES, throw made
|
Batting: LHB Juan Ontiveros
|
0-0: Fly out, F5 (Popup, 5SF)
|
Bottom of the 6th over - 1 run(s), 1 hit(s), 0 error(s), 2 left on base; Montgomery 1 - Santa Fe 3 |
TOP OF THE 7TH |
Montgomery Biscuits batting - Pitching for Santa Fe Diablos : RHP Glen Brewer
|
Batting: RHB Dave Dawson
|
0-0: Ball 1-0: SINGLE (Groundball, 4MD)
|
Batting: RHB Vicente Carona
|
0-0: Fly out, F9 (Flyball, 9M)
|
Pitching: RHP Bartolo Muńóz
|
|
Batting: RHB Pete Smith
|
0-0: Fly out, F4 (Popup, 3D)
|
Batting: RHB Larry Mitchell
|
0-0: Called Strike 0-1: Ball 1-1: SINGLE (Groundball, 34) Dave Dawson to second Runner from 2nd tries for 3rd, SAFE, throw made to third
|
Batting: SHB Andrew Curran
|
0-0: Ground out 3-1 (Groundball, 3L)
|
Top of the 7th over - 0 run(s), 2 hit(s), 0 error(s), 2 left on base; Montgomery 1 - Santa Fe 3 |
BOTTOM OF THE 7TH |
Santa Fe Diablos batting - Pitching for Montgomery Biscuits : RHP Ángel Ávila
|
Pitching: RHP Pedro Valdés
|
|
Batting: RHB Robert Johnson
|
0-0: SINGLE (Groundball, 34)
|
Batting: RHB Gerardo Álvarez
|
0-0: Bunted foul 0-1: Bunted foul 0-2: SINGLE (Groundball, 4MS) Robert Johnson to second
|
Batting: RHB Randy Sheppard
|
0-0: Ball 1-0: Swinging Strike 1-1: Ball 2-1: Ball 3-1: Swinging Strike 3-2: Fly out, F7 (Flyball, 7M)
|
Pinch Hitting: RHB Sadayoshi Kato
|
0-0: Ball 1-0: Foul Ball, location: 2F 1-1: Foul Ball, location: 2F 1-2: Ball 2-2: Foul Ball, location: 2F 2-2: Foul Ball, location: 2F 2-2: Ball 3-2: Foul Ball, location: 2F 3-2: Fly out, F9 (Flyball, 9LM)
|
Pinch Hitting: RHB Robinson Pacheco
|
0-0: Called Strike 0-1: Called Strike 0-2: Ground out 5-3 (Groundball, 5)
|
Bottom of the 7th over - 0 run(s), 2 hit(s), 0 error(s), 2 left on base; Montgomery 1 - Santa Fe 3 |
TOP OF THE 8TH |
Montgomery Biscuits batting - Pitching for Santa Fe Diablos : RHP Bartolo Muńóz
|
Now at 3B: Sadayoshi Kato
|
|
Batting: RHB Gabriel Miranda
|
0-0: Ball
|
Now at SS: Robinson Pacheco
|
1-0: Called Strike 1-1: Ball 2-1: Ball 3-1: SINGLE (Line Drive, 56D)
|
Pitching: LHP Daniel Draper
|
|
Batting: RHB Orlando Sánchez
|
0-0: Ball 1-0: Ball 2-0: Ball 3-0: Called Strike 3-1: Fielders Choice at 2nd, 6-4 (Groundball, 6)
|
Batting: LHB José Flores
|
0-0: Ball 1-0: Ball 2-0: Swinging Strike 2-1: Foul Ball, location: 2F 2-2: Ball 3-2: Strikes out swinging
|
Batting: RHB Jean-Paul St-Pierre
|
0-0: Ball Wild Pitch! Orlando Sánchez to second 1-0: SINGLE (Groundball, 4D) Orlando Sánchez to third Runner from 3rd tries for Home, SAFE, throw made home Jean-Paul St-Pierre to second
|
Batting: RHB Dave Dawson
|
0-0: Foul Ball, location: 2F 0-1: Called Strike 0-2: Fly out, F8 (Flyball, 8RS)
|
Top of the 8th over - 1 run(s), 2 hit(s), 0 error(s), 1 left on base; Montgomery 2 - Santa Fe 3 |
BOTTOM OF THE 8TH |
Santa Fe Diablos batting - Pitching for Montgomery Biscuits : RHP Pedro Valdés
|
Batting: RHB Ánibal Gonzáles
|
0-0: Swinging Strike 0-1: Ball 1-1: Foul Ball, location: 2F 1-2: Strikes out swinging
|
Batting: RHB Orlando González
|
0-0: Ball 1-0: Ball 2-0: SINGLE (Groundball, 56D) (infield hit)
|
Batting: LHB Roberto Sandoval
|
0-0: Fly out, F7 (Flyball, 7LM)
|
Batting: LHB Juan Ontiveros
|
0-0: Foul Ball, location: 2F 0-1: Ball 1-1: Ball Orlando González is caught stealing 2nd base
|
Bottom of the 8th over - 0 run(s), 1 hit(s), 0 error(s), 0 left on base; Montgomery 2 - Santa Fe 3 |
TOP OF THE 9TH |
Montgomery Biscuits batting - Pitching for Santa Fe Diablos : LHP Daniel Draper
|
Pitching: RHP Tex Perkins
|
|
Now at C: Diego Francisco
|
|
Batting: RHB Vicente Carona
|
0-0: Called Strike 0-1: Foul Ball, location: 2F 0-2: Strikes out swinging
|
Batting: RHB Pete Smith
|
0-0: Foul Ball, location: 2F 0-1: Foul Ball, location: 2F 0-2: Strikes out swinging
|
Batting: RHB Larry Mitchell
|
0-0: Ball 1-0: Called Strike 1-1: Ball 2-1: Foul Ball, location: 2F 2-2: Ball 3-2: Fly out, F7 (Flyball, 7M)
|
Top of the 9th over - 0 run(s), 0 hit(s), 0 error(s), 0 left on base; Montgomery 2 - Santa Fe 3 |
|
|